 Dungeon Crawl Stone Soup version 0.28-a0-194-g42b4daccc1 (webtiles) character file.

Game seed: 3090256727590868367

4 zero the Sneak (level 1, 0/9 HPs)
             Began as a Spriggan Enchanter on Aug 18, 2021.
             Slain by a bat (1 damage)
             ... on level 1 of the Dungeon.
             The game lasted 00:00:46 (299 turns).

zero the Sneak (Spriggan Enchanter)                  Turns: 299, Time: 00:00:47

Health: 0/9        AC:  2    Str:  4    XL:     1   Next: 58%
Magic:  5/5        EV: 17    Int: 16    God:
Gold:   12         SH:  0    Dex: 15    Spells: 5/5 levels left

rFire   . . .      SeeInvis +   a - +1 dagger
rCold   . . .      Faith    .   (shield restricted)
rNeg    . . .      Spirit   .   b - +0 robe
rPois   .          Reflect  .   (helmet restricted)
rElec   .          Harm     .   (no cloak)
rCorr   .          Rampage  .   (gloves unavailable)
Will    .....                   (boots unavailable)
Stlth   +++.......              (no amulet)
HPRegen 0.03/turn               (no ring)
MPRegen 0.09/turn               (no ring)

@: very quick
A: very small, no large weapons, unfitting armour, see invisible, speed 3
a: no special abilities


You were on level 1 of the Dungeon.
You visited 1 branch of the dungeon, and saw 2 of its levels.

You collected 12 gold pieces.

Inventory:

Hand Weapons
 a - a +1 dagger (weapon)
Armour
 b - a +0 robe (worn)
 d - a +1 cloak
Potions
 c - a potion of invisibility


   Skills:
 + Level 0.2 Fighting
 + Level 1.3 Short Blades
 - Level 2.6 Dodging
 + Level 4.5 Stealth
 - Level 2.6 Spellcasting
 + Level 3.7 Hexes


You had 5 spell levels left.
You didn't know any spells.
Your spell library contained the following spells:

 Spells                   Type           Power      Damage    Failure   Level
 Confusing Touch          Hex            14%        N/A       12%         3
 Tukima's Dance           Hex            14%        N/A       12%         3
 Ensorcelled Hibernation  Hex/Ice        16%        N/A       14%         2
 Dazzling Flash           Conj/Hex       16%        N/A       26%         3


Dungeon Overview and Level Annotations

Branches:
Dungeon (2/15)

Altars:


Innate Abilities, Weirdness & Mutations

You are very small and have problems with some larger weapons.
You are too small for most types of armour.
You have supernaturally acute eyesight. (SInv)
You cover ground extremely quickly. (Speed+++)


Message History

d - a +1 cloak The bat hits you but does no damage.
The bat closely misses you. The bat closely misses you.
Found a ring mail and 12 gold pieces.
A bat comes into view.
A bat comes into view.
You see here a +0 ring mail.
The bat closely misses you.
Found 6 gold pieces.
You see here 12 gold pieces.
The frilled lizard hisses angrily.
The bat hits you but does no damage. The bat misses you.
The bat barely misses you.
You hit the bat but do no damage. The bat hits you but does no damage.
The bat misses you. The bat hits you but does no damage. The bat misses you.
The bat closely misses you. The bat misses you. The frilled lizard bites you.
The bat hits you.
* * * LOW HITPOINT WARNING * * *
A ball python comes into view.
The bat hits you.
* * * LOW HITPOINT WARNING * * *
Found 10 gold pieces.
The bat hits you but does no damage. The bat barely misses you.
The bat misses you. The bat closely misses you. The bat misses you.
The bat closely misses you. The bat barely misses you.
The bat barely misses you.
Found a scroll labelled HAERGHASEUSE.
The bat misses you. The bat closely misses you. The bat misses you.
The bat completely misses you. The bat barely misses you.
Found 2 gold pieces.
An endoplasm comes into view.
The endoplasm quivers.
The bat barely misses you. The bat closely misses you.
The bat closely misses you. The bat hits you.
You die...

#### ##... #.###..#
##....@####### ####
#......b.....#####....#
#........b.8..8..8..∩..
........b...............
...............$......S.
###.........∩..♣..♣..♣..
#.J..?................
#.$.........l.........
#.#....###8.....∩..∩.$


You could see an endoplasm, 3 bats and a frilled lizard.

Vanquished Creatures
  An endoplasm (D:1)
  A goblin (D:1)
  A hobgoblin (D:1)
  A ball python (D:1)
4 creatures vanquished.

Notes
Turn   | Place    | Note
-------+----------+-------------------------------------------
     0 | D:1      | zero the Spriggan Enchanter began the quest for the Orb.
     0 | D:1      | Reached XP level 1. HP: 9/9 MP: 5/5
   264 | D:1      | Found a faded altar of an unknown god.
   299 | D:1      | Slain by a bat

Illustrated notes

Levels and vault maps discovered:
D:1:      minmay_arrival_pointy, layout_rooms,
          hellmonk_ecumenical_altar_arch_garden
D:2:      layout_basic

Action                   || total
-------------------------++-------
Melee: Dagger            ||    23
 Stab: Sleeping          ||     1
Armor: Robe              ||     8
Dodge: Dodged            ||    42

Table legend: (Time is in decaauts)
 A = Elapsed time spent in this place.
 B = Non-inter-level travel time spent in this place.
 C = Inter-level travel time spent in this place.
 D = Time resting spent in this place.
 E = Time spent auto-exploring this place.
 F = Levels seen in this place.
 G = Mean time per level.
                   A        B        C        D        E       F      G
               +--------+--------+--------+--------+--------+-----+--------+
         Total |    257 |    257 |      0 |    169 |     11 |   2 |  128.5 |
       Dungeon |    257 |    257 |      0 |    169 |     11 |   2 |  128.5 |
               +--------+--------+--------+--------+--------+-----+--------+

Top non-repeatable levels by time:
     D:1: 255 daAuts
     D:2: 1 daAuts
